 Dungeon Crawl Stone Soup version 0.28.0-53-g5a82cb258f (webtiles) character file.

Game seed: 9185086602930169136

117 zdrol the Slasher (level 4, -9/39 HPs)
             Began as a Minotaur Fighter on July 28, 2022.
             Was a Believer of Lugonu.
             Killed from afar by Terence (10 damage)
             ... with a puff of flame
             ... on level 2 of the Dungeon.
             The game lasted 00:06:59 (1414 turns).

zdrol the Slasher (Minotaur Fighter)                Turns: 1414, Time: 00:07:00

Health: -9/39      AC:  9    Str: 21 (23) XL:     4   Next: 71%
Magic:  3/3        EV:  7    Int:  5      God:    Lugonu [**....]
Gold:   63         SH:  4    Dex:  9      Spells: 3/3 levels left

rFire   . . .      SeeInvis .   a - +0 long sword
rCold   . . .      Faith    .   c - +0 buckler
rNeg    . . .      Spirit   .   b - +0 chain mail
rPois   .          Reflect  .   (helmet restricted)
rElec   .          Harm     .   (no cloak)
rCorr   .          Rampage  .   (no gloves)
Will    .....                   (no boots)
Stlth   ..........              (no amulet)
HPRegen 0.13/turn               (no ring)
MPRegen 0.08/turn               (no ring)

@: attractive, hasted, very quick
A: horns 2, retaliatory headbutt
a: Renounce Religion, Depart the Abyss, Bend Space


You were on level 2 of the Dungeon.
You worshipped Lugonu.
Lugonu was pleased with you.
You visited 1 branch of the dungeon, and saw 2 of its levels.

You collected 63 gold pieces.

Inventory:

Hand Weapons
 a - a +0 long sword (weapon)
Armour
 b - a +0 chain mail (worn)
 c - a +0 buckler (worn)
Scrolls
 e - a scroll of amnesia {unknown}
 h - a scroll of identify {unknown}
Potions
 d - a potion of might
 g - a potion of degeneration


   Skills:
 - Level 3.6 Fighting
 * Level 6.1 Long Blades
 - Level 3.6 Armour
 - Level 3.6 Shields


You had 3 spell levels left.
You didn't know any spells.
Your spell library contained the following spells:

 Spells                   Type           Power      Damage    Failure   Level
 Blink                    Tloc           0%         N/A       100%        2
 Manifold Assault         Tloc           0%         N/A       100%        5
 Storm Form               Tmut/Air       0%         N/A       100%        7


Dungeon Overview and Level Annotations

Branches:
Dungeon (2/15)

Altars:
Lugonu

Annotations:
D:2 Terence


Innate Abilities, Weirdness & Mutations

You have a pair of horns on your head.
You reflexively headbutt those who attack you in melee.


Message History

Your Long Blades skill increases to level 6!
The bat hits you but does no damage.
You see here 3 inky potions.
A bat is nearby!
The bat closely misses you. The bat hits you but does no damage.
The bat hits you but does no damage.
You closely miss the bat. Your headbutt misses the bat.
The bat hits you but does no damage. x2
You barely miss the bat. The bat hits you but does no damage.
The bat closely misses you. The bat hits you but does no damage.
The bat hits you but does no damage. The bat hits you but does no damage.
You closely miss the bat. The bat barely misses you.
The bat hits you but does no damage. The bat hits you but does no damage.
The bat closely misses you. You furiously retaliate!
You headbutt the bat.
You kill the bat!
Lugonu accepts your kill.
You start resting.
Terence the Incautious comes into view.
He is wielding a +0 flail and carrying a wand of flame (12).
Unknown command.
Okay, then.
Terence shouts!
Terence zaps a wand.
The puff of flame hits you but does no damage.
Terence zaps a wand.
The puff of flame hits you.
* * * LOW HITPOINT WARNING * * *
You see here a viscous white potion.
i - a viscous white potion Terence zaps a wand.
The puff of flame hits you.
* * * LOW HITPOINT WARNING * * *
It was a potion of attraction.
You feel attractive to monsters.
Terence zaps a wand.
The puff of flame hits you.
* * * LOW HITPOINT WARNING * * *
Terence is attracted toward you.
You feel yourself speed up.
Terence zaps a wand.
The puff of flame hits you!
You die...

#.# #... ###. .#...# #..
...... #####.###.#≈#.## ..
...... ....#... .#≈#.. ...
......####...###.#≈#.
##... ..........#....# #≈#
.....
#.....§..@..@###≈###.....
#.....................#
#.............†..†....#
#...............†<)...#
#....!..........#(.#.##...
#........†......##<....#
#.........).....###..#.#
#........†.....## #....
#.#....)#.....## ##...#


You could see Terence.

Vanquished Creatures
  Natasha (thrice) (D:2)
  2 worms (D:2)
  2 dart slugs (D:1)
  A ball python (D:1)
  3 endoplasms (D:1)
  A giant cockroach (D:1)
  3 goblins
  2 hobgoblins (D:1)
  4 jackals (D:2)
  3 kobolds (D:1)
  4 bats
  2 frilled lizards (D:2)
  4 rats
34 creatures vanquished.

Notes
Turn   | Place    | Note
-------+----------+-------------------------------------------
     0 | D:1      | zdrol the Minotaur Fighter began the quest for the Orb.
     0 | D:1      | Reached XP level 1. HP: 19/19 MP: 0/0
   238 | D:1      | Found a faded altar of an unknown god.
   273 | D:1      | Prayed at the altar of an unknown god.
   273 | D:1      | Became a worshipper of Lugonu the Unformed
   273 | D:1      | Reached * piety under Lugonu
   273 | D:1      | Reached ** piety under Lugonu
   389 | D:1      | Reached skill level 3 in Long Blades
   406 | D:1      | Reached XP level 2. HP: 26/26 MP: 1/1
   702 | D:1      | Reached skill level 4 in Long Blades
   739 | D:2      | Noticed Natasha
  1190 | D:2      | Noticed a crimson imp
  1194 | D:2      | Killed Natasha
  1195 | D:2      | Reached XP level 3. HP: 10/31 MP: 2/2
  1201 | D:2      | Reached skill level 5 in Long Blades
  1247 | D:2      | Noticed Natasha
  1256 | D:2      | Killed Natasha
  1257 | D:2      | Reached XP level 4. HP: 4/39 MP: 3/3
  1361 | D:2      | Noticed Natasha
  1367 | D:2      | HP: 1/39 [Natasha/magic dart (9)]
  1372 | D:2      | Killed Natasha
  1373 | D:2      | Reached skill level 6 in Long Blades
  1403 | D:2      | Noticed Terence
  1413 | D:2      | HP: 1/39 [Terence/puff of flame (3)]
  1414 | D:2      | Killed from afar by Terence

Illustrated notes

Levels and vault maps discovered:
D:1:      eino_arrival_water_star, layout_loops_corners,
          hellmonk_ecumenical_altar_blasted, minmay_split_cup_small
D:2:      layout_rooms, grunt_decor_cap, uniq_natasha, uniq_terence

Skill      XL: |  1  2  3  4 |
---------------+-------------+-----
Long Blades    | 3 4 5 6 |  6.1
Fighting       | |  3.6
Armour         | |  3.6
Shields        | |  3.6

Action                   |  1- 3 |  4- 6 || total
-------------------------+-------+-------++-------
Melee: Long sword        |    47 |    23 ||    70
       Headbutt          |     6 |     1 ||     7
  Use: Potion            |     2 |     2 ||     4
Armor: Scale mail        |     5 |       ||     5
       Chain mail        |    13 |    52 ||    65
       Ring mail         |     9 |       ||     9
Dodge: Dodged            |    20 |    20 ||    40
Block: Buckler           |    14 |    11 ||    25
